AoeStats
← Giye

Hideout

509130071Analyzed
1v1 RM · 7d ago on Sep 25, 2026· 53m 27s· 2 players
Game mode
Random Map
Map size
Tiny (2 player)
Population
200
Speed
Normal
Resources
Standard
Victory
Conquest
Starting age
Dark Age
Ending age
Imperial Age
RankedLock teamsTeams togetherTeam positionsShared explorationLock speedFull tech treeHidden civsTurbo modeCheats
Victory
Defeat
🇺🇸 Tupi · United States
855
+15
🇪🇸 Saxons · Spain
824
-15
Giye
12:14 Feudal Age
13:00 Double-Bit Axe
19:39 Man-at-Arms
20:05 Arson
23:53 Castle Age
21:39 Loom
23:58 Castle Age
23:45 Scale Mail Armor
23:37 Fletching
24:14 Town Watch
25:05 Wheelbarrow
25:13 Squires
24:58 Gambesons
26:10 Bodkin Arrow
30:29 Bow Saw
30:33 Forging
30:40 Chain Mail Armor
34:43 Iron Casting
34:21 Horse Collar
36:33 Town Patrol
36:48 Hand Cart
44:12 Imperial Age
42:05 Ballistics
44:19 Shield Wall
45:44 Capped Ram
49:18 Thumb Ring
48:54 Heavy Mounted Crossbowman
48:55 Cranequins
51:38 Chemistry
53:37 Conscription
Orion The Destroyer
13:07 Feudal Age
17:59 Castle Age
16:37 Double-Bit Axe
16:59 Fletching
17:48 Horse Collar
19:55 Padded Archer Armor
21:35 Gold Mining
23:44 Leather Archer Armor
25:13 Stone Mining
26:20 Bodkin Arrow
27:30 Loom
27:38 Loom
32:34 Imperial Age
30:27 Heavy Plow
32:16 Bow Saw
32:44 Gold Shaft Mining
34:29 Two-Man Saw
34:03 Ring Archer Armor
34:45 Bracer
34:46 Elite Blackwood Archer
35:50 Conscription
37:11 Wheelbarrow
36:23 Town Watch
37:03 Curare
37:47 Town Patrol
38:17 Forging
38:49 Hand Cart
39:40 Iron Casting
39:18 Caciques
41:22 Hoardings
43:35 Chemistry
42:49 Arrowslits
49:15 Ballistics
48:51 Murder Holes
49:00 Scale Mail Armor
50:22 Sappers
51:12 Heated Shot
52:22 Treadmill Crane
Connection lost

Rejoining the realm…

Still unreachable

The connection could not be restored.

Session expired

The server has moved on; the page needs a fresh start.